AoeStats
← Wolf

Baltic

510308144Analyzed
4v4 RM · 6h ago on Sep 30, 2026· 50m 50s· 8 players
Game mode
Random Map
Map size
Large (8 player)
Population
200
Speed
Normal
Resources
Standard
Victory
Conquest
Starting age
Dark Age
Ending age
Imperial Age
RankedLock teamsTeams togetherTeam positionsShared explorationLock speedFull tech treeHidden civsTurbo modeCheats
Victory
Defeat
🇨🇳 Byzantines · China
963
+14
🇺🇾 Franks · Uruguay
937
+15
🇮🇳 Dravidians · India
896
+17
🇧🇷 Gurjaras · Brazil
894
+16
🇭🇰 Franks · Hong Kong SAR China
930
-16
🇳🇱 Wu · Netherlands
930
-16
🇧🇪 Celts · Belgium
929
-16
🇫🇷 Mongols · France
869
-14
gakbal
8:57 Loom
11:48 Feudal Age
12:48 Fishing Lines
17:35 Castle Age
19:18 Gillnets
19:54 Gold Mining
19:55 Double-Bit Axe
19:53 Horse Collar
20:57 Bow Saw
22:35 Wheelbarrow
23:04 Scale Mail Armor
23:14 Forging
23:21 Squires
23:06 Arson
24:15 Gold Shaft Mining
24:57 Hand Cart
26:45 Heavy Plow
29:27 Chain Mail Armor
29:47 Iron Casting
34:34 Ballistics
38:15 Red Cliffs Tactics
41:19 Imperial Age
40:16 Pikeman
41:23 Halberdier
44:03 Caravan
48:09 Plate Mail Armor
48:40 Blast Furnace
49:57 Conscription
Arno l'architecte
7:06 Loom
12:56 Feudal Age
22:06 Castle Age
20:03 Horse Collar
20:10 Double-Bit Axe
20:17 Stone Mining
20:20 Gold Mining
25:04 Padded Archer Armor
32:45 Wheelbarrow
34:47 Hand Cart
37:03 Imperial Age
35:47 Leather Archer Armor
35:22 Fletching
35:38 Scale Barding Armor
36:41 Bow Saw
36:34 Heavy Plow
37:23 Caravan
38:28 Ballistics
38:04 Murder Holes
38:20 Masonry
38:08 Bodkin Arrow
38:34 Chain Barding Armor
38:25 Forging
38:16 Scale Mail Armor
39:58 Gold Shaft Mining
42:09 Conscription
41:11 Elite Mangudai
41:53 Nomads
43:00 Chemistry
42:07 Siege Engineers
42:06 Bracer
42:42 Iron Casting
42:22 Chain Mail Armor
50:38 Blast Furnace
50:09 Plate Mail Armor
serenity1909
4:23 Loom
10:47 Feudal Age
11:23 Double-Bit Axe
12:19 Horse Collar
13:30 Town Watch
21:12 Wheelbarrow
26:09 Castle Age
24:41 Scale Mail Armor
24:53 Forging
24:51 Gold Mining
25:32 Stone Mining
26:14 Pikeman
28:13 Bow Saw
29:38 Heavy Plow
33:23 Hand Cart
33:55 Ballistics
37:28 Imperial Age
35:37 Guard Tower
36:14 Murder Holes
36:30 Fortified Wall
39:39 Onager
41:34 Halberdier
Dikue
11:13 Feudal Age
22:25 Castle Age
23:07 Fishing Lines
23:21 Pikeman
31:28 Stone Mining
31:26 Double-Bit Axe
33:29 Bow Saw
33:11 Gold Mining
42:21 Imperial Age
40:29 Gold Shaft Mining
41:34 Squires
41:42 Scale Mail Armor
42:49 Gillnets
42:51 Halberdier
44:26 Cavalier
Fuller THE MONSTER
13:51 Feudal Age
18:28 Castle Age
16:39 Double-Bit Axe
16:48 Horse Collar
18:04 Gold Mining
23:48 Kshatriyas
24:32 Forging
24:23 Scale Mail Armor
24:37 Loom
26:16 Iron Casting
28:35 Bloodlines
35:30 Imperial Age
33:38 Wheelbarrow
34:24 Stone Mining
35:10 Gold Shaft Mining
37:31 Conscription
38:08 Chain Mail Armor
40:40 Plate Mail Armor
39:38 Elite Chakram Thrower
41:16 Caravan
44:03 Scale Barding Armor
44:28 Bow Saw
45:11 Arson
Wolf
12:23 Feudal Age
19:35 Castle Age
19:00 Wheelbarrow
19:18 Gold Mining
20:48 Forging
22:58 Gold Shaft Mining
22:33 Double-Bit Axe
23:25 Husbandry
24:06 Town Watch
36:24 Imperial Age
34:52 Caravan
35:38 Bow Saw
35:15 Loom
35:37 Scale Barding Armor
36:25 Coinage
37:10 Iron Casting
37:16 Cavalier
38:39 Banking
38:50 Chain Barding Armor
39:45 Conscription
39:40 Chivalry
39:56 Light Cavalry
42:31 Paladin
48:05 Blast Furnace
50:39 Hand Cart
°
0:27 Loom
11:01 Feudal Age
11:39 Fishing Lines
11:45 Double-Bit Axe
12:03 Gold Mining
15:07 Scale Barding Armor
17:17 Horse Collar
19:39 Forging
25:07 Castle Age
24:58 Scale Mail Armor
25:41 Gillnets
25:53 Heavy Plow
26:04 Bow Saw
26:44 Clinker Construction
26:49 Medium Warships
26:00 Demolition Ship
27:59 Chain Mail Armor
28:24 Iron Casting
27:14 Man-at-Arms
27:41 Gambesons
27:57 Squires
31:54 Imperial Age
28:53 Man-at-Arms
30:07 Chain Mail Armor
30:27 Iron Casting
29:38 Long Swordsman
31:35 Iron Casting
31:14 Stone Mining
32:06 Two-Handed Swordsman
33:18 Plate Mail Armor
33:57 Wheelbarrow
34:53 Blast Furnace
35:34 Chemistry
35:32 Ballistics
35:36 Carvel Hull
39:51 Hand Cart
40:28 Conscription
40:28 Wootz Steel
41:08 Elite Cannon Galleon
41:43 Elite Urumi Swordsman
43:31 Murder Holes
43:46 Masonry
46:52 Hoardings
46:08 Arrowslits
46:44 Bombard Tower
46:15 Guard Tower
46:54 Guard Tower
48:57 Keep
LaoWoo
5:16 Loom
11:22 Feudal Age
18:58 Castle Age
21:54 Double-Bit Axe
21:52 Horse Collar
22:48 Bow Saw
25:08 Wheelbarrow
24:57 Husbandry
25:30 Medium Warships
31:26 Fletching
36:36 Heavy Plow
42:24 Imperial Age
40:40 Hand Cart
40:24 Pikeman
41:05 Squires
40:52 Gambesons
41:09 Scale Mail Armor
41:20 Forging
41:35 Gold Mining
41:35 Stone Mining
42:25 Chain Mail Armor
43:40 Iron Casting
43:01 Bodkin Arrow
43:28 Conscription
42:34 Halberdier
44:35 Chemistry
43:42 Fishing Lines
46:51 Plate Mail Armor
46:23 Bracer
46:44 Heavy Camel Rider
47:33 Scale Barding Armor
47:57 Ballistics
47:19 Treadmill Crane
47:35 Murder Holes
47:51 Fortified Wall
48:30 Logistica
47:41 Elite Cataphract
49:23 Chain Barding Armor
Connection lost

Rejoining the realm…

Still unreachable

The connection could not be restored.

Session expired

The server has moved on; the page needs a fresh start.